 Dungeon Crawl Stone Soup version 0.29.1-1-gd02db6906a (webtiles) character file.

Game seed: 2798025362271489195

13214 cbfl8 the Severer (level 11, -3/97 HPs)
             Began as a Minotaur Berserker on Sept 28, 2022.
             Was a High Priest of Trog.
             Slain by Erica
             ... wielding a +3 scimitar of flaming
              (12 damage)
             ... on level 10 of the Dungeon.
             The game lasted 00:13:55 (11107 turns).

cbfl8 the Severer (Minotaur Berserker)             Turns: 11107, Time: 00:13:55

Health: -3/97      AC: 20    Str: 22      XL:     11   Next: 72%
Magic:  14/14      EV:  9    Int:  4      God:    Trog [*****.]
Gold:   1108       SH:  0    Dex: 12 (14) Spells: 10/10 levels left

rFire   . . .      SeeInvis .   O - +0 broad axe
rCold   . . .      Faith    .   g - orb {mayhem}
rNeg    . . .      Spirit   .   P - +4 plate armour
rPois   +          Reflect  +   p - +2 hat
rElec   .          Harm     .   B - +0 cloak
rCorr   .          Rampage  .   f - +0 pair of gloves
Will    .....                   R - +1 pair of boots {Fly}
Stlth   ..........              r - amulet of reflection
HPRegen 0.26/turn               j - +4 ring of protection
MPRegen 0.14/turn               u - +4 ring of slaying

@: confused, corroded, on berserk cooldown, flying, slowed, very slow
A: horns 2, retaliatory headbutt, poison resistance, wild magic 1, evolution 1
a: Renounce Religion, Berserk, Trog's Hand, Brothers in Arms


You were on level 10 of the Dungeon.
You worshipped Trog.
Trog was extremely pleased with you.
You visited 1 branch of the dungeon, and saw 10 of its levels.
You also visited: Bailey.

You collected 1108 gold pieces.

Inventory:

Hand Weapons
 N - a +0 battleaxe
 O - a +0 broad axe (weapon)
Armour
 f - a +0 pair of gloves (worn)
 g - an orb of mayhem (worn)
 k - the +4 ring mail of Undesirable Species {Will+ Stlth+}
   (You found it on level 2 of the Dungeon)

   Will:      It increases your willpower.
   Stlth:     It makes you more stealthy.
 p - a +2 hat (worn)
 B - a +0 cloak (worn)
 P - a +4 plate armour (worn)
 R - a +1 pair of boots of flying (worn)
Jewellery
 j - a +4 ring of protection (left hand)
 m - an amulet of regeneration
 r - an amulet of reflection (around neck)
 u - a +4 ring of slaying (right hand)
 y - a ring of poison resistance
 I - a ring of protection from cold
 X - a +4 ring of slaying
Wands
 D - a wand of roots (10) (quivered)
 L - a wand of digging (4)
 W - a wand of charming (6)
Scrolls
 c - 2 scrolls of silence {unknown}
 e - 2 scrolls of brand weapon {unknown}
 l - a scroll of enchant armour {unknown}
 n - 3 scrolls of butterflies
 s - 2 scrolls of immolation {unknown}
 t - 2 scrolls of poison {unknown}
 x - 2 scrolls of enchant weapon {unknown}
 A - 3 scrolls of teleportation {unknown}
 C - 3 scrolls of magic mapping {unknown}
 G - 3 scrolls of identify {unknown}
 H - 2 scrolls of amnesia {unknown}
 K - a scroll of acquirement {unknown}
 M - a scroll of noise {unknown}
 V - a scroll of fear {unknown}
Potions
 a - 2 potions of cancellation
 d - a potion of berserk rage {unknown}
 h - 5 potions of flight
 i - 2 potions of attraction {unknown}
 o - a potion of haste {unknown}
 q - a potion of resistance
 v - 2 potions of mutation
 w - 2 potions of brilliance {unknown}
 z - 2 potions of heal wounds {unknown}
 E - a potion of might {unknown}
 F - a potion of lignification {unknown}
 J - a potion of invisibility
 T - a potion of magic {unknown}
 Z - a potion of ambrosia {unknown}
Miscellaneous
 b - a piece from Xom's chessboard (15/15)
 Q - a piece from Xom's chessboard (15/15)
 S - a phantom mirror


   Skills:
 * Level 9.6 Fighting
 * Level 15.3 Axes
 + Level 7.0 Armour
 * Level 7.5 Dodging
 + Level 3.9 Stealth
 + Level 3.3 Shields
 * Level 6.4 Invocations
 + Level 0.5 Evocations


You had 10 spell levels left.
You didn't know any spells.
Your spell library was empty.

Dungeon Overview and Level Annotations

Branches:
Dungeon (10/15)            Temple (0/1) D:7            Lair (0/5) D:9
    Orc (0/2) D:9          Bailey (visited)

Altars:
Ashenzari
Fedhas
Wu Jian
Xom

Annotations:
D:1 1 transporter
D:10 Erica


Innate Abilities, Weirdness & Mutations

You have a pair of horns on your head.
You reflexively headbutt those who attack you in melee.
Your system is resistant to poisons. (rPois)
Your spells are a little harder to cast, but a little more powerful.
You have hidden genetic potential.


Message History

You hear some strange, mumbled words.
You feel as though you will be slow longer.
Something hits you. Something burns you.
You miss something. Your headbutt misses something.
You hear a zap.
A bolt of acid appears from out of thin air!
The bolt of acid hits you but does no damage.
You hear a zap.
A bolt of acid appears from out of thin air!
The bolt of acid misses you.
You're too confused to move!
Something hits you. Something burns you. Something hits you but does no damage.
Something hits you. Something burns you.
* * * LOW HITPOINT WARNING * * *
You're too confused to move!
You hear some strange, mumbled words.
You are more confused.
Something hits you.
* * * LOW HITPOINT WARNING * * *
Something burns you.
* * * LOW HITPOINT WARNING * * *
You hear some strange, mumbled words.
A bolt of poison appears from out of thin air!
The bolt of poison hits you. You resist.
* * * LOW HITPOINT WARNING * * *
You hit something. Your headbutt misses something.
Something hits you but does no damage. Something hits you!
* * * LOW HITPOINT WARNING * * *
Something burns you.
* * * LOW HITPOINT WARNING * * *
You bump into the rock wall.
Something hits you.
* * * LOW HITPOINT WARNING * * *
Something burns you.
* * * LOW HITPOINT WARNING * * *
Something hits you but does no damage.
You miss something. Your headbutt misses something.
Erica appears from thin air!
Reactivating autopickup.
Erica hits you with a +3 scimitar of flaming!
You die...

........##.##.#
.###.#.)......# ....
........##.#### .......
#.##[......# .......
#.####...### ###.......
#.# #...# ###...).....
#.####...#####...........
.............#)#.#......
...........?)>..@...##
.#...[.......#.#@....#..
####.#...#.###.#........#
# #.#...#.# #.##.##.####
#.#...#.# #...... #
#.#...#.# ####.###
#....##.# ... #.......#
#.# #.####### #.#


You could see Erica.

Vanquished Creatures
  A hydra (D:9)
  A two-headed ogre (D:10)
  Sonja (D:10)
  An orc knight (Bailey)
  An elephant (D:9)
  Maggie (D:7)
  A kobold demonologist (D:9)
  A komodo dragon (D:10)
  A troll (D:10)
  2 hornets
  Prince Ribbit (D:7)
  A wyvern (D:9)
  A basilisk (D:9)
  29 yaks
  Duvessa (D:7)
  12 orc warriors
  3 sky beasts
  6 black bears
  3 ice beasts
  2 centaurs
  3 phantoms
  3 bullfrogs
  2 gnoll sergeants
  A scorpion (D:5)
  7 wights
  Dowan (D:7)
  2 jellies
  A hound (D:4)
  2 orc priests
  3 orc wizards
  4 iguanas
  10 adders
  12 gnolls
  3 white imps
  An ufetubus (D:6)
  2 worms (D:2)
  A dart slug (D:1)
  20 orcs
  6 endoplasms
  2 giant cockroaches (D:2)
  2 goblins
  11 hobgoblins
  3 jackals (D:4)
  16 kobolds
  4 quokkas
  4 ball pythons
  5 bats
  6 frilled lizards
  A rat (D:2)
208 creatures vanquished.

Vanquished Creatures (collateral kills)
  2 yaks
  An orc warrior (D:9)
  A black bear (D:9)
  A bullfrog (D:8)
  An orc priest (D:9)
  An iguana (D:6)
  2 gnolls (D:9)
  6 orcs
15 creatures vanquished.

Vanquished Creatures (others)
  A gnoll (D:10)
  4 fungi (D:9)
  2 plants (D:9)
7 creatures vanquished.

Grand Total: 230 creatures vanquished

Notes
Turn   | Place    | Note
-------+----------+-------------------------------------------
     0 | D:1      | cbfl8 the Minotaur Berserker began the quest for the Orb.
     0 | D:1      | Reached XP level 1. HP: 19/19 MP: 0/0
   450 | D:1      | Reached skill level 4 in Axes
   450 | D:1      | Reached XP level 2. HP: 27/27 MP: 1/1
  1229 | D:2      | Reached XP level 3. HP: 9/33 MP: 2/2
  1685 | D:2      | Reached ** piety under Trog
  1800 | D:2      | Identified the +4 ring mail of Undesirable Species {Will+
                  | Stlth+}
  1838 | D:2      | Reached XP level 4. HP: 35/41 MP: 3/3
  2489 | D:3      | Found a broken altar of Ashenzari.
  2489 | D:3      | Found an ornate altar of the Wu Jian Council.
  2490 | D:3      | Found a blossoming altar of Fedhas.
  2502 | D:3      | Found a shimmering altar of Xom.
  2697 | D:3      | Reached skill level 5 in Axes
  3027 | D:4      | Reached skill level 1 in Invocations
  3064 | D:4      | Reached XP level 5. HP: 47/47 MP: 4/4
  3522 | D:5      | Entered Level 5 of the Dungeon
  3609 | D:5      | Reached skill level 6 in Axes
  3737 | D:5      | Reached skill level 5 in Fighting
  3737 | D:5      | Reached XP level 6. HP: 56/56 MP: 6/6
  3795 | D:5      | Noticed an ice beast
  3799 | D:5      | Killed an ice beast
  3864 | D:5      | Reached skill level 7 in Axes
  3944 | D:5      | Reached XP level 7. HP: 49/61 MP: 7/7
  4030 | D:5      | Reached skill level 1 in Stealth
  4358 | D:5      | Reached skill level 8 in Axes
  4594 | D:6      | Reached XP level 8. HP: 59/70 MP: 7/9
  4747 | D:6      | Reached *** piety under Trog
  4748 | D:6      | Reached skill level 1 in Shields
  4847 | D:6      | Reached skill level 9 in Axes
  4860 | D:6      | You fall into a shaft and drop 2 floors!
  4889 | D:8      | Reached skill level 5 in Dodging
  4994 | D:8      | Reached skill level 10 in Axes
  5059 | D:7      | Noticed Duvessa
  5059 | D:7      | Noticed Dowan
  5063 | D:7      | Killed Dowan
  5068 | D:7      | Reached XP level 9. HP: 67/78 MP: 10/10
  5073 | D:7      | Killed Duvessa
  6514 | D:7      | Reached skill level 11 in Axes
  6741 | D:7      | Found a staircase to the Ecumenical Temple.
  6762 | D:7      | Reached skill level 5 in Armour
  7183 | D:7      | Noticed Prince Ribbit
  7186 | D:7      | Killed Prince Ribbit
  7238 | D:7      | Noticed Maggie
  7247 | D:7      | Killed Maggie
  7248 | D:7      | Reached XP level 10. HP: 88/88 MP: 12/12
  7592 | D:8      | Reached skill level 12 in Axes
  7778 | D:9      | Reached **** piety under Trog
  7784 | D:9      | Reached skill level 5 in Invocations
  8087 | D:9      | Noticed an elephant
  8137 | D:9      | Found a staircase to the Lair.
  8148 | D:9      | Killed an elephant
  8158 | D:9      | Reached skill level 13 in Axes
  8216 | D:9      | Found a flagged portal.
  8238 | Bailey   | Entered a bailey
  8337 | Bailey   | Noticed an orc knight
  8748 | Bailey   | Killed an orc knight
  8749 | Bailey   | Reached XP level 11. HP: 64/95 MP: 14/14
  8812 | Bailey   | Reached skill level 14 in Axes
  9139 | D:9      | Found a staircase to the Orcish Mines.
  9153 | D:9      | Reached ***** piety under Trog
  9676 | D:9      | Noticed a four-headed hydra
  9685 | D:9      | Killed an eight-headed hydra
 10410 | D:10     | Entered Level 10 of the Dungeon
 10475 | D:10     | Noticed a two-headed ogre
 10477 | D:10     | Noticed Sonja
 10480 | D:10     | Killed a two-headed ogre
 10481 | D:10     | Reached skill level 15 in Axes
 10495 | D:10     | Killed Sonja
 10536 | D:10     | HP: 3/97 [poisoned by a hornet]
 10537 | D:10     | Gained mutation: Your body sometimes deteriorates upon
                  | taking damage. [potion of mutation]
 10537 | D:10     | Gained mutation: Your muscles are strong. (Str +4, Int/Dex
                  | -1) [potion of mutation]
 10538 | D:10     | HP: 1/97 [poisoned by a hornet]
 10931 | D:10     | Lost mutation: Your body sometimes deteriorates upon taking
                  | damage. [potion of mutation]
 10931 | D:10     | Lost mutation: Your muscles are strong. (Str +4, Int/Dex
                  | -1) [potion of mutation]
 10931 | D:10     | Gained mutation: You have hidden genetic potential. [potion
                  | of mutation]
 10931 | D:10     | Gained mutation: Your spells are a little harder to cast,
                  | but a little more powerful. [potion of mutation]
 10931 | D:10     | Gained mutation: Your system is resistant to poisons.
                  | (rPois) [potion of mutation]
 11074 | D:10     | Noticed Erica
 11107 | D:10     | Slain by Erica

Illustrated notes

Levels and vault maps discovered:
D:1:      spicycebolla_arrival_risky_transporter, layout_basic
D:2:      layout_basic, minmay_cut_off
D:3:      layout_basic, nicolae_overflow_quartered_altars
D:4:      layout_rooms, roderic_roman_lattice
D:5:      layout_gridville, chequers_serial_rivers_large_a,
          kennysheep_generic_room_14
D:6:      layout_layer_cave, corexii_item_surrounded_by_moat, minmay_between
D:7:      layout_loops_corners, minmay_temple_entry_wispy,
          kennysheep_generic_room_10, uniq_prince_ribbit1, uniq_duvessa,
          uniq_maggie
D:8:      layout_basic
D:9:      layout_stronghold, david_lair_generic, minmay_orc_entry_temple_small,
          enter_bailey_1, bh_walls_and_bars
D:10:     layout_loops_cross, uniq_erica, uniq_sonja

Skill      XL: |  1  2  3  4  5  6  7  8  9 10 11 |
---------------+----------------------------------+-----
Axes           | 4 5 6 7 8 10 11 13 15 | 15.3
Fighting       | 4 5 6 7 8 9 |  9.6
Armour         | 3 4 5 6 7 |  7.0
Invocations    | 1 2 3 4 5 6 |  6.4
Dodging        | 3 4 5 6 7 |  7.5
Stealth        | 1 2 3 |  3.9
Shields        | 1 2 3 |  3.3
Evocations     | |  0.5

Action                   |  1- 3 |  4- 6 |  7- 9 | 10-12 || total
-------------------------+-------+-------+-------+-------++-------
Melee: Hand axe          |    66 |    98 |   153 |    45 ||   362
       Headbutt          |     7 |    12 |    39 |    64 ||   122
       War axe           |       |       |       |    72 ||    72
       Broad axe         |       |       |       |   153 ||   153
Invok: Berserk           |     1 |       |     2 |     7 ||    10
Evoke: Wand              |       |       |       |     9 ||     9
  Use: Potion            |       |       |       |     8 ||     8
       Scroll            |       |       |       |     1 ||     1
 Stab: Sleeping          |       |     4 |     6 |     1 ||    11
       Distracted        |       |       |     1 |     2 ||     3
Armor: Animal skin       |     8 |       |       |       ||     8
       Ring mail         |     2 |    49 |    49 |    41 ||   141
       Plate armour      |       |       |       |    97 ||    97
Dodge: Dodged            |    38 |    51 |    61 |   121 ||   271
Block: Orb               |       |     4 |    31 |    48 ||    83
       Reflection        |       |       |       |     6 ||     6
